Map: Cerulean Fall LE

Players

VoidWalker

  • Race: Protoss Protoss
  • League: Grandmaster
  • Spawn Location: 1:00

Elastic - Winner!

  • Race: Protoss Protoss
  • League: Master
  • Spawn Location: 7:00

VOD

Have the link to the VOD?

Description

Time

  • Played on: Aug. 28, 2018, 3:46 p.m.
  • Length: 19:12
Show
View Real Time Build Order
Export as new Build Order

VoidWalker Protoss 

Build Orders: Zealot Archon 

Get SALT Encoding   

  1  0:00  Probe  
  12  0:04  Probe  
  14  0:16  Pylon  
  14  0:21  Probe  
  15  0:34  Probe  
  16  0:37  Gateway  
  16  0:42  Assimilator  
  16  0:47  Probe  
  17  0:51  Assimilator  
  17  0:59  Probe  
  18  1:07  Gateway  
  18  1:11  Probe  
  19  1:23  Probe  
  19  1:24  Cybernetics Core  
  20  1:35  Probe  
  20  1:36  Pylon  
  21  1:47  Probe  
  21  1:52  Stalker  
  22  1:54  Stalker  
  22  1:55  Warp Gate  
  22  1:59  Probe  
  27  2:12  Probe  
  28  2:22  Pylon, Sentry  
  30  2:41  Robotics Facility  
  30  2:43  Probe  
  31  2:49  Stalker  
  32  3:06  Nexus  
  32  3:22  Shield Battery  
  32  3:25  Pylon  
  32  3:34  Immortal  
  36  3:40  Probe  
  37  3:52  Gateway  
  37  4:01  Stalker, Sentry  
  41  4:05  Probe  
  42  4:16  Pylon  
  42  4:17  Probe  
  42  4:21  Probe, Observer  
  44  4:29  Probe x2  
  47  4:40  Twilight Council, Probe  
  47  4:45  Forge  
  45  4:48  Probe x2  
  44  4:56  Probe  
  43  5:00  Probe  
  43  5:02  Immortal  
  43  5:03  Protoss Ground Weapons Level 1  
  45  5:08  Probe  
  45  5:12  Probe  
  51  5:18  Pylon  
  51  5:21  Probe  
  52  5:28  Charge  
  52  5:33  Probe x2  
  54  5:36  Assimilator  
  54  5:37  Assimilator  
  54  5:47  Probe x2  
  56  5:56  Templar Archives  
  56  5:59  Probe x2  
  58  6:07  Warp Prism  
  60  6:11  Probe x2  
  62  6:23  Gateway  
  62  6:24  Gateway  
  62  6:27  Gateway  
  62  6:41  Probe x2  
  62  6:44  Pylon  
  64  6:48  High Templar x2, Sentry  
  70  6:56  Archon  
  70  7:01  Pylon  
  70  7:02  Probe x2, Pylon  
  70  7:04  Pylon  
  72  7:19  Protoss Ground Weapons Level 2  
  72  7:20  Zealot x2, High Templar x2  
  72  7:21  Zealot  
  82  7:24  Archon  
  82  7:26  Zealot  
  82  7:29  Gateway  
  84  7:31  Gateway  
  84  7:37  Photon Cannon  
  84  7:51  Photon Cannon, Pylon  
  84  8:02  Zealot, High Templar x2  
  84  8:03  Zealot x2  
  94  8:07  Archon  
  94  8:12  Immortal  
  64  8:36  Zealot x2, High Templar x2  
  64  8:37  Zealot x3  
  70  8:50  Archon  
  70  8:53  Zealot  
  72  8:57  Immortal  
  72  9:00  High Templar x2  
  72  9:01  Zealot x3  
  82  9:05  Archon  
  86  9:12  Zealot x2  
  90  9:26  Warp Prism  
  90  9:28  High Templar  
  90  9:29  High Templar  
  90  9:30  Zealot x2  
  98  9:33  Archon  
  80  10:04  Zealot x8  
  88  10:13  Protoss Ground Weapons Level 3  
  88  10:25  High Templar x4  
  88  10:26  Zealot x3  
  88  10:27  Zealot  
  104  10:30  Archon x2  
  104  10:40  Observer  
  104  10:46  Pylon  
  104  10:47  Pylon  
  104  10:49  Zealot  
  106  10:50  Zealot x2  
  106  10:53  High Templar  
  110  11:03  Dark Shrine  
  110  11:33  High Templar x2  
  110  11:34  Zealot x6  
  110  11:38  Archon  
  126  11:59  Nexus  
  126  12:01  Pylon  
  126  12:03  High Templar x2  
  126  12:07  Archon  
  130  12:10  Pylon  
  130  12:26  Zealot  
  130  12:27  Zealot x2  
  136  12:33  Zealot x3  
  138  12:43  Stalker x2  
  125  12:52  Dark Templar  
  121  13:04  Dark Templar  
  116  13:15  Probe x2  
  116  13:16  Protoss Shields Level 1  
  116  13:23  Probe  
  115  13:32  Observer  
  115  13:35  Zealot  
  115  13:50  High Templar x2  
  116  13:55  Archon  
  116  14:00  Dark Templar  
  111  14:25  Probe x3  
  114  14:37  Probe  
  115  14:42  Probe x2  
  117  14:56  Probe x2  
  120  15:05  High Templar x2  
  120  15:08  Probe  
  120  15:10  Archon, Zealot  
  119  15:25  Probe  
  112  15:29  Probe  
  112  15:33  Probe  
  111  15:41  Probe  
  113  15:43  Probe  
  112  15:50  Protoss Shields Level 2  
  112  15:53  Probe  
  112  15:54  Sentry  
  112  15:55  Probe  
  116  16:27  Zealot x3  
  106  16:55  Zealot x2  
  106  16:59  Zealot x2  
  112  17:05  Stalker  
  108  17:21  High Templar x2  
  112  17:25  Archon  
  112  18:00  Nexus  
  107  18:10  Zealot x2, High Templar x2  
  107  18:11  Zealot x2  
  117  18:16  Archon  
Show
View Real Time Build Order
Export as new Build Order

Elastic Protoss - Winner!

Build Orders: Blink Stalkers, Zealot Archon 

Get SALT Encoding   

  12  0:00  Probe  
  13  0:13  Probe  
  14  0:17  Pylon  
  14  0:23  Probe  
  15  0:31  Probe  
  16  0:38  Gateway  
  16  0:39  Probe  
  16  0:48  Assimilator  
  17  0:51  Probe  
  17  0:55  Assimilator  
  18  1:03  Probe  
  19  1:09  Gateway  
  19  1:15  Probe  
  20  1:26  Cybernetics Core  
  20  1:27  Probe  
  21  1:34  Pylon  
  21  1:39  Probe  
  22  1:46  Warp Gate  
  22  1:51  Probe  
  23  2:03  Stalker  
  23  2:04  Sentry  
  27  2:14  Pylon  
  26  2:32  Stalker  
  26  2:33  Stalker  
  26  2:36  Probe  
  31  2:42  Twilight Council  
  31  2:58  Blink  
  31  3:05  Nexus  
  31  3:10  Shield Battery  
  31  3:12  Probe  
  32  3:25  Probe  
  33  3:37  Probe, Shield Battery  
  34  3:42  Pylon  
  34  3:49  Probe  
  35  4:00  Adept x2  
  35  4:01  Probe  
  40  4:13  Probe  
  41  4:20  Robotics Facility  
  41  4:23  Probe  
  42  4:25  Probe  
  43  4:32  Forge  
  43  4:35  Probe  
  43  4:38  Probe  
  45  4:48  Probe  
  45  4:52  Charge  
  44  4:53  Stalker x2  
  44  4:55  Probe  
  47  5:01  Probe  
  47  5:05  Protoss Ground Weapons Level 1  
  49  5:07  Probe  
  49  5:09  Observer  
  49  5:13  Probe  
  51  5:15  Gateway  
  51  5:21  Immortal, Gateway  
  51  5:22  Probe  
  51  5:27  Probe  
  57  5:40  Probe  
  58  5:45  Stalker  
  58  5:46  Stalker  
  58  5:48  Assimilator  
  62  5:50  Assimilator  
  62  5:57  Gateway  
  62  6:01  Gateway  
  62  6:08  Gateway  
  62  6:12  Pylon  
  62  6:21  Immortal  
  62  6:30  Probe x2  
  62  6:31  Pylon  
  68  6:33  Templar Archives  
  68  6:39  Shield Battery  
  66  6:45  Pylon  
  66  6:47  Zealot x2  
  66  6:53  Observer  
  70  6:56  Zealot x2  
  70  7:00  Pylon  
  74  7:06  Zealot  
  76  7:09  Pylon  
  76  7:11  Pylon  
  76  7:13  High Templar x2  
  80  7:20  High Templar  
  80  7:21  Archon  
  80  7:22  High Templar  
  84  7:25  Zealot x2  
  84  7:27  Archon  
  87  7:30  Immortal, Shield Battery  
  91  7:47  Zealot x2  
  95  7:52  Zealot  
  97  7:59  High Templar  
  97  8:00  High Templar  
  101  8:05  Archon  
  101  8:12  Pylon x2  
  101  8:14  Pylon  
  101  8:23  Protoss Ground Weapons Level 2  
  85  8:32  Zealot x6  
  85  8:34  Warp Prism  
  81  8:52  Zealot x3  
  87  9:08  High Templar x3  
  87  9:09  High Templar  
  95  9:15  Archon  
  95  9:23  Archon, Zealot x2  
  97  9:36  Nexus  
  97  9:40  Observer  
  98  9:52  Zealot x4  
  74  10:02  Observer  
  74  10:04  High Templar x2  
  74  10:05  Zealot  
  70  10:09  Archon  
  70  10:12  High Templar x2  
  70  10:13  Zealot x2  
  74  10:16  Archon  
  74  10:25  Zealot  
  76  10:31  Observer  
  76  10:36  Zealot x2  
  76  10:38  High Templar x2  
  76  10:42  Archon  
  84  10:45  Nexus  
  84  10:47  Warp Prism  
  84  10:49  Zealot x2  
  88  10:50  Zealot  
  92  11:12  Pylon  
  92  11:14  Stalker  
  92  11:15  Stalker  
  90  11:27  Stalker  
  90  11:28  Stalker  
  94  11:35  Stalker  
  94  11:38  Stalker  
  98  11:42  High Templar x2  
  98  11:46  Archon  
  102  11:59  Zealot x3  
  108  12:04  Zealot  
  108  12:05  Protoss Ground Weapons Level 3  
  110  12:12  Probe x2  
  110  12:14  Probe  
  113  12:24  Probe x2  
  113  12:29  Zealot x5  
  109  13:00  High Templar x3  
  109  13:02  High Templar, Observer  
  115  13:06  Archon x2  
  115  13:12  Shield Battery  
  114  13:13  Shield Battery, Zealot x2  
  114  13:17  Observer  
  112  13:37  Zealot x5  
  119  13:51  Pylon  
  119  13:52  Pylon  
  119  14:06  Immortal  
  119  14:12  Shield Battery  
  116  14:24  Zealot x3  
  120  14:33  Zealot  
  122  14:39  Zealot x2  
  124  14:46  Pylon  
  124  14:50  High Templar  
  126  14:56  Pylon  
  125  15:08  High Templar  
  125  15:10  High Templar x3  
  133  15:15  Archon x2  
  131  15:23  High Templar  
  123  15:36  Observer  
  123  15:38  Archon  
  123  15:40  Immortal  
  123  16:01  Zealot x5  
  115  16:53  Zealot x2  
  115  16:54  Zealot x4  
  115  17:18  Observer  
  115  17:34  High Templar x4  
  115  17:35  High Templar x2, Observer  
  127  17:40  Archon  
  127  17:41  Archon x2  
  127  17:42  Immortal  
  131  18:11  Zealot  
  123  18:37  Nexus  
  123  18:42  Observer  
Tags
 
Add a new tag
Caveats
  • Supply blocks, unpowered buildings, or Contaminate may cause inaccurate times.
  • Supply counts are checked every 10 seconds.